 Dungeon Crawl Stone Soup version 0.29-a0-284-gf9362112df (webtiles) character file.

Game seed: 8124305821544189231

196 chopper the Shield-Bearer (level 5, 0/47 HPs)
             Began as a Gnoll Fighter on Mar 31, 2022.
             Slain by an orc priest
             ... wielding a +0 whip
              (3 damage)
             ... on level 4 of the Dungeon.
             The game lasted 00:15:33 (3439 turns).

chopper the Shield-Bearer (Gnoll Fighter)           Turns: 3439, Time: 00:15:34

Health: 0/47       AC: 14    Str: 15    XL:     5   Next: 75%
Magic:  7/7        EV:  5    Int:  8    God:
Gold:   180        SH:  5    Dex: 13    Spells: 7/7 levels left

rFire   . . .      SeeInvis .   a - +0 war axe
rCold   . . .      Faith    .   c - +0 buckler
rNeg    . . .      Spirit   .   f - +0 plate armour
rPois   .          Reflect  .   (no helmet)
rElec   .          Harm     .   (no cloak)
rCorr   .          Rampage  .   q - +0 pair of gloves
Will    .....                   (no boots)
Stlth   ..........              (no amulet)
HPRegen 0.15/turn               (no ring)
MPRegen 0.10/turn               (no ring)

@: no status effects
A: fangs 1, strong nose, distributed training
a: no special abilities


You were on level 4 of the Dungeon.
You visited 1 branch of the dungeon, and saw 4 of its levels.

You collected 180 gold pieces.

Inventory:

Hand Weapons
 a - a +0 war axe (weapon)
 e - a +2 dagger of draining
 n - a +3 spear
Missiles
 o - a throwing net (quivered)
Armour
 c - a +0 buckler (worn)
 f - a +0 plate armour (worn)
 q - a +0 pair of gloves (worn)
Scrolls
 b - 2 scrolls of magic mapping {unknown}
 g - 3 scrolls of identify {unknown}
 h - a scroll of fog {unknown}
 k - 2 scrolls of teleportation {unknown}
 l - a scroll of amnesia {unknown}
 r - a scroll of holy word {unknown}
Potions
 d - a potion of might
 i - a potion of ambrosia {unknown}
 j - 2 potions of degeneration {unknown}
 m - 2 potions of heal wounds {unknown}
 p - a potion of curing {unknown}
 s - a potion of attraction {unknown}


   Skills:
 + Level 6.7 Fighting
 + Level 1.6 Short Blades
 + Level 1.6 Long Blades
 + Level 4.8 Axes
 + Level 1.6 Maces & Flails
 + Level 1.6 Polearms
 + Level 1.6 Staves
 + Level 1.6 Slings
 + Level 1.6 Bows
 + Level 1.6 Crossbows
 + Level 1.6 Throwing
 + Level 6.7 Armour
 + Level 1.6 Dodging
 + Level 1.6 Stealth
 + Level 6.7 Shields
 + Level 1.6 Unarmed Combat
 + Level 1.6 Spellcasting
 + Level 1.3 Conjurations
 + Level 1.3 Hexes
 + Level 1.3 Summonings
 + Level 1.3 Necromancy
 + Level 1.3 Translocations
 + Level 1.3 Transmutations
 + Level 1.3 Fire Magic
 + Level 1.3 Ice Magic
 + Level 1.3 Air Magic
 + Level 1.3 Earth Magic
 + Level 1.3 Poison Magic
 + Level 1.8 Invocations
 + Level 1.6 Evocations


You had 7 spell levels left.
You didn't know any spells.
Your spell library was empty.

Dungeon Overview and Level Annotations

Branches:
Dungeon (4/15)
 Temple: D:4-7

Altars:


Innate Abilities, Weirdness & Mutations

You have very sharp teeth.
Your uncanny sense of smell can sniff out nearby items.
Your experience applies equally to all skills.


Message History

You barely miss the orc priest. You barely miss the orc.
The orc hits you but does no damage. The orc priest hits you with a +0 whip.
The orc wizard completely misses you.
You miss the orc wizard.
The orc wizard is moderately wounded.
You hit the orc. You hit the orc priest.
The orc priest hits you but does no damage.
The orc hits you but does no damage.
The orc wizard hits you with a +0 dagger.
You closely miss the orc wizard.
The orc wizard is moderately wounded.
You hit the orc priest but do no damage.
You completely miss the orc.
The orc priest looks encouraged for a moment.
The orc barely misses you. The orc wizard barely misses you.
An orc wizard comes into view. It is wielding a +0 dagger.
The orc priest barely misses you. You block the orc wizard's attack.
The orc hits you but does no damage.
The orc wizard moves out of view.
You hit the orc wizard.
The orc wizard is heavily wounded.
You slash the orc!
You kill the orc!
You closely miss the orc priest. The orc priest hits you with a +0 whip.
The orc wizard points at you and mumbles some strange words.
You are confused.
You slash the orc wizard!
You kill the orc wizard!
You hit the orc priest.
The orc priest invokes the aid of Beogh against you.
Beogh smites you!
* * * LOW HITPOINT WARNING * * *
The orc priest looks satisfied for a moment.
You're too confused to move!
The orc priest barely misses you.
The orc priest invokes the aid of Beogh against you.
Beogh smites you!
* * * LOW HITPOINT WARNING * * *
You're too confused to move!
You feel less confused. The orc priest hits you with a +0 whip.
You die...

##... ### ##.... ###.##
##....# ...##..# ##....##
##.....# .....#..# ##......##
##.......
........###........###........
....o...##..............#.....
$.......##...........####....#
.....#..#....@.......# ##...#
.#......#..)o........# #...#
...........).........# #....
######.##..........### ###.#
## ##........## ## ##....####
######


You could see an orc priest.

Vanquished Creatures
  A hound (D:4)
  An orc wizard (D:4)
  4 adders
  3 gnolls (D:3)
  2 worms
  2 dart slugs (D:2)
  2 orcs (D:4)
  3 ball pythons
  9 endoplasms
  2 giant cockroaches (D:2)
  7 goblins
  A hobgoblin (D:1)
  3 quokkas
  7 bats
  12 frilled lizards
  7 kobolds
  4 rats
70 creatures vanquished.

Vanquished Creatures (others)
  5 plants (D:3)
5 creatures vanquished.

Grand Total: 75 creatures vanquished

Notes
Turn   | Place    | Note
-------+----------+-------------------------------------------
     0 | D:1      | chopper the Gnoll Fighter began the quest for the Orb.
     0 | D:1      | Reached XP level 1. HP: 23/23 MP: 1/1
    97 | D:1      | Reached XP level 2. HP: 29/29 MP: 2/2
   445 | D:1      | Reached XP level 3. HP: 33/35 MP: 3/3
   621 | D:2      | Reached skill level 1 in Invocations
  1037 | D:2      | Reached skill level 1 in Short Blades
  1037 | D:2      | Reached skill level 1 in Long Blades
  1037 | D:2      | Reached skill level 1 in Maces & Flails
  1037 | D:2      | Reached skill level 1 in Polearms
  1037 | D:2      | Reached skill level 1 in Staves
  1037 | D:2      | Reached skill level 1 in Slings
  1037 | D:2      | Reached skill level 1 in Bows
  1037 | D:2      | Reached skill level 1 in Crossbows
  1037 | D:2      | Reached skill level 1 in Throwing
  1037 | D:2      | Reached skill level 1 in Dodging
  1037 | D:2      | Reached skill level 1 in Stealth
  1037 | D:2      | Reached skill level 1 in Unarmed Combat
  1037 | D:2      | Reached skill level 1 in Spellcasting
  1037 | D:2      | Reached skill level 1 in Evocations
  1044 | D:2      | Reached XP level 4. HP: 26/41 MP: 5/5
  1837 | D:3      | Reached skill level 1 in Conjurations
  1837 | D:3      | Reached skill level 1 in Hexes
  1837 | D:3      | Reached skill level 1 in Summonings
  1837 | D:3      | Reached skill level 1 in Necromancy
  1837 | D:3      | Reached skill level 1 in Translocations
  1837 | D:3      | Reached skill level 1 in Transmutations
  1837 | D:3      | Reached skill level 1 in Fire Magic
  1837 | D:3      | Reached skill level 1 in Ice Magic
  1837 | D:3      | Reached skill level 1 in Air Magic
  1837 | D:3      | Reached skill level 1 in Earth Magic
  1837 | D:3      | Reached skill level 1 in Poison Magic
  2683 | D:3      | Reached XP level 5. HP: 47/47 MP: 6/6
  3439 | D:4      | Slain by an orc priest

Illustrated notes

Levels and vault maps discovered:
D:1:      sevenhm_arrival_forest_fort_small_3, layout_basic
D:2:      minmay_skewed_foursquare, layout_basic
D:3:      layout_basic, minmay_lizard_king, uniq_ijyb, uniq_grinder
D:4:      layout_cave_pods

Skill      XL: |  1  2  3  4 |
---------------+-------------+-----
Invocations    | 1 |  1.8
Short Blades   | 1 |  1.6
Long Blades    | 1 |  1.6
Maces & Flails | 1 |  1.6
Polearms       | 1 |  1.6
Staves         | 1 |  1.6
Slings         | 1 |  1.6
Bows           | 1 |  1.6
Crossbows      | 1 |  1.6
Throwing       | 1 |  1.6
Dodging        | 1 |  1.6
Stealth        | 1 |  1.6
Unarmed Combat | 1 |  1.6
Spellcasting   | 1 |  1.6
Evocations     | 1 |  1.6
Conjurations   | 1 |  1.3
Hexes          | 1 |  1.3
Summonings     | 1 |  1.3
Necromancy     | 1 |  1.3
Translocations | 1 |  1.3
Transmutations | 1 |  1.3
Fire Magic     | 1 |  1.3
Ice Magic      | 1 |  1.3
Air Magic      | 1 |  1.3
Earth Magic    | 1 |  1.3
Poison Magic   | 1 |  1.3
Fighting       | |  6.7
Axes           | |  4.8
Armour         | |  6.7
Shields        | |  6.7

Action                   |  1- 3 |  4- 6 || total
-------------------------+-------+-------++-------
Melee: Dagger            |    74 |    42 ||   116
       War axe           |     3 |    36 ||    39
       Bite              |     7 |     7 ||    14
       Spear             |       |    17 ||    17
Armor: Scale mail        |     5 |       ||     5
       Plate armour      |    44 |   141 ||   185
Dodge: Dodged            |    18 |    43 ||    61
Block: Buckler           |    29 |    42 ||    71

Table legend: (Time is in decaauts)
 A = Elapsed time spent in this place.
 B = Non-inter-level travel time spent in this place.
 C = Inter-level travel time spent in this place.
 D = Time resting spent in this place.
 E = Time spent auto-exploring this place.
 F = Levels seen in this place.
 G = Mean time per level.
                   A        B        C        D        E       F      G
               +--------+--------+--------+--------+--------+-----+--------+
         Total |   3449 |   3449 |      0 |    662 |      0 |   4 |  862.2 |
       Dungeon |   3449 |   3449 |      0 |    662 |      0 |   4 |  862.2 |
               +--------+--------+--------+--------+--------+-----+--------+

Top non-repeatable levels by time:
     D:2: 1451 daAuts
     D:3: 981 daAuts
     D:1: 605 daAuts
     D:4: 410 daAuts
